 Dungeon Crawl Stone Soup version 0.19-a0-1254-gb9c29c0 (webtiles) character file.

321 Crabhammer the Ruffian (level 6, -1/56 HPs)
             Began as a Naga Transmuter on Aug 28, 2016.
             Was a Follower of Cheibriados.
             Slain by a mummy (4 damage)
             ... in an ossuary.
             The game lasted 00:16:22 (3107 turns).

Crabhammer the Ruffian (Naga Transmuter)            Turns: 3107, Time: 00:16:23

Health: -1/56      AC:  6    Str: 14 (15) XL:     6   Next: 46%
Magic:  9/10       EV: 10    Int: 16 (19) God:    Cheibriados [*.....]
Gold:   127        SH:  0    Dex: 12 (14) Spells: 3 memorised, 5 levels left

rFire  . . .     SeeInvis +       - Unarmed
rCold  . . .     Gourm    .     b - +0 robe
rNeg   . . .     Faith    .     (no shield)
rPois  +         Spirit   .     (no helmet)
rElec  .         Dismiss  .     i - +2 cloak
rCorr  .         Reflect  .     (no gloves)
MR     .....     Harm     .     (no barding)
Stlth  ++........               (no amulet)
                                (no ring)
                                (no ring)

@: appendage (expiring), very slow
A: horns 2, see invisible, deformed body, poison resistance, slowness 2, slow
metabolism 1, spit poison 2, AC +2
a: Spit Poison, End Transformation, Bend Time, Renounce Religion


You were in an ossuary.
You worshipped Cheibriados.
Cheibriados was aware of your devotion.
You were hungry.
You had grown temporary horns.
You visited 1 branch of the dungeon, and saw 4 of its levels.
You also visited: Ossuary.

You collected 127 gold pieces.

Inventory:

Missiles
 a - 31 arrows
Armour
 b - a +0 robe (worn)
 i - a +2 cloak (worn)
 s - a +0 chain mail
 u - a +0 helmet
 w - a +0 ring mail
Jewellery
 m - an uncursed ring of protection from fire {unknown}
Wands
 q - a wand of disintegration (15/24)
Scrolls
 e - 3 scrolls of identify {unknown}
 h - 2 scrolls of teleportation {unknown}
 l - 2 scrolls of magic mapping
 y - a scroll of immolation {unknown}
Potions
 g - a potion of flight {unknown}
 k - a potion of heal wounds {unknown}
 n - 2 potions of agility
 p - a potion of magic {unknown}
 t - 2 potions of degeneration
Books
 c - a book of Changes

   Spells                             Type                      Level
   a - Beastly Appendage              Transmutation                1
   b - Sticks to Snakes               Transmutation                2
   c - Spider Form                    Transmutation/Poison         3
   d - Ice Form                       Ice/Transmutation            4
   e - Blade Hands                    Transmutation                5
 o - a book of Enchantments

   Spells                             Type                      Level
   a - Cause Fear                     Hexes                        4
   b - Yara's Violent Unravelling     Hexes/Transmutation          5
   c - Silence                        Hexes/Air                    5
   d - Deflect Missiles               Charms/Air                   6
   e - Haste                          Charms                       6
   f - Discord                        Hexes                        8
Comestibles
 d - 4 bread rations
 j - a meat ration
 v - 2 beef jerkies


   Skills:
 * Level 3.0 Fighting
 - Level 1.5 Dodging
 + Level 1.4 Stealth
 * Level 4.8 Unarmed Combat
 + Level 3.0 Spellcasting
 + Level 3.4 Transmutations


You had 5 spell levels left.
You knew the following spells:

 Your Spells              Type           Power        Failure   Level  Hunger
a - Beastly Appendage     Tmut           ##....       6%          1    #......
b - Sticks to Snakes      Tmut           ##......     10%         2    ##.....
c - Spider Form           Tmut/Pois      #.........   34%         3    ###....


Dungeon Overview and Level Annotations

Branches:
Dungeon (4/15)
 Temple: D:4-7

Altars:
Cheibriados
Fedhas
Trog


Innate Abilities, Weirdness & Mutations

You cannot wear boots.
Your serpentine skin is tough. (AC +2)
You have supernaturally acute eyesight. (SInv)
Armour fits poorly on your strangely shaped body.
Your system is resistant to poisons. (rPois)
You cover ground very slowly.
You have a slow metabolism.
You can spit poison.
You have a pair of horns on your head.


Message History

The adder zombie barely misses you.
A mummy comes into view.
You feel better. The centaur zombie hits you!
* * * LOW HITPOINT WARNING * * *
The adder zombie bites you.
* * * LOW HITPOINT WARNING * * *
The mummy closely misses you.
It was a potion of degeneration.
There was something very wrong with that liquid.
You feel weakened.
You feel dopey.
You feel clumsy.
The centaur zombie hits you but does no damage.
The adder zombie bites you but does no damage.
The centaur zombie hits you.
* * * LOW HITPOINT WARNING * * *
It was a potion of cancellation.
Your magical effects are unravelling.
You feel magically purged.
You feel a little less agile now. The adder zombie barely misses you.
The mummy hits you.
You die...

######################
#....................#
#...........ZZ.......#
#........8..8ZZ......#
#.........ZZM@.......#
#...######ZM######...#
#...# #ZZ# #...# #...#
#..# #...# #...# #.Z#
#...# #...#


..ZMZ #...# #...# ......## #...# #...#.......# #...# #...#.......# #...# You
could see 2 mummies, an adder zombie, a rat zombie, a goblin zombie, 2 kobold
zombies, a big kobold zombie and 2 centaur zombies.

Vanquished Creatures
  A centaur zombie (Ossuary)
  An orc priest (D:3)
  2 orc wizards (D:3)
  Jessica (D:2)
  A worker ant (D:4)
  A big kobold zombie (Ossuary)
  A mummy (D:4)
  Robin (D:4)
  An ooze (D:1)
  An adder skeleton (D:3)
  A worm (D:4)
  A dart slug (D:3)
  4 giant geckos
  8 orcs (D:3)
  3 giant cockroaches
  6 hobgoblins
  6 jackals
  3 ball pythons
  7 bats
  3 giant newts
  10 goblins
  6 hobgoblin zombies (Ossuary)
  A jackal zombie (Ossuary)
  12 kobolds
  11 kobold zombies (Ossuary)
  3 orc zombies (Ossuary)
  6 rats
  A rat zombie (Ossuary)
103 creatures vanquished.

Notes
Turn   | Place    | Note
-------+----------+-------------------------------------------
     0 | D:1      | Crabhammer the Naga Transmuter began the quest for the Orb.
     0 | D:1      | Reached XP level 1. HP: 18/18 MP: 3/3
   218 | D:1      | Reached XP level 2. HP: 25/25 MP: 5/5
   549 | D:1      | Reached XP level 3. HP: 23/31 MP: 4/6
  1028 | D:2      | Noticed Jessica
  1038 | D:2      | Killed Jessica
  1038 | D:2      | Reached XP level 4. HP: 19/38 MP: 5/7
  1215 | D:2      | Learned a level 2 spell: Sticks to Snakes
  1219 | D:2      | Learned a level 3 spell: Spider Form
  1825 | D:3      | Reached XP level 5. HP: 45/45 MP: 6/8
  1829 | D:3      | Reached skill level 4 in Unarmed Combat
  2059 | D:3      | Reached skill level 1 in Stealth
  2532 | D:4      | Found a snail-covered altar of Cheibriados.
  2542 | D:4      | Found a bloodstained altar of Trog.
  2544 | D:4      | Found a blossoming altar of Fedhas.
  2544 | D:4      | Noticed Robin
  2548 | D:4      | Became a worshipper of Cheibriados the Contemplative
  2588 | D:4      | Killed Robin
  2612 | D:4      | Reached XP level 6. HP: 42/55 MP: 8/10
  2631 | D:4      | Found a sand-covered staircase.
  2899 | Ossuary  | Entered an ossuary
  2942 | Ossuary  | Reached * piety under Cheibriados
  3107 | Ossuary  | Slain by a mummy

Vault maps used:
D:1:      minmay_arrival_arboretum_small, minmay_statues_item
D:2:      first_bread, uniq_jessica
D:3:      kennysheep_doodads
D:4:      nicolae_overflow_quartered_altars, gup_ossuary_entry_pyramid,
          uniq_robin
Ossuary:  ossuary_tomb_1

Skill      XL: |  1  2  3  4  5  6 |
---------------+-------------------+-----
Fighting       | 2 3 |  3.0
Unarmed Combat | 4 |  4.8
Transmutations | 3 |  3.4
Stealth        | 1 |  1.4
Spellcasting   | 3 |  3.0
Dodging        | |  1.5

Action                   |  1- 3 |  4- 6 || total
-------------------------+-------+-------++-------
Melee: Unarmed           |    88 |   242 ||   330
       Headbutt          |    11 |    34 ||    45
       Punch             |       |     4 ||     4
 Cast: Beastly Appendage |    19 |    23 ||    42
       Spider Form       |       |     3 ||     3
 Abil: Spit Poison       |     5 |    22 ||    27
  Use: Scroll            |       |     3 ||     3
       Potion            |       |     5 ||     5
 Stab: Sleeping          |       |     2 ||     2
  Eat: Chunk             |     1 |     6 ||     7
Armor: Robe              |    43 |    68 ||   111
Dodge: Dodged            |    41 |   124 ||   165
